 Dungeon Crawl Stone Soup version 0.22-a0-570-g58866f5 (webtiles) character file.

269 iamserjio the Skirmisher (level 6, -2/39 HPs)
             Began as a Gargoyle Fighter on June 30, 2018.
             Was an Initiate of Makhleb.
             Slain by an orc warrior
             ... wielding a +0 halberd
              (17 damage)
             ... on level 6 of the Dungeon.
             The game lasted 00:06:07 (1044 turns).

iamserjio the Skirmisher (Gargoyle Fighter)         Turns: 1044, Time: 00:06:08

Health: -2/39      AC: 13    Str: 21    XL:     6   Next: 22%
Magic:  6/6        EV:  5    Int:  8    God:    Makhleb [......]
Gold:   141        SH:  9    Dex: 10    Spells: 5/5 levels left

rFire    . . .     SeeInvis .   a - +0 war axe
rCold    + . .     Gourm    .   c - +0 shield
rNeg     + . .     Faith    .   n - +0 chain mail {rC+}
rPois    ∞         Spirit   .   (no helmet)
rElec    +         Reflect  .   (no cloak)
rCorr    .         Harm     .   (no gloves)
MR       .....                  (no boots)
Stlth    ..........             (no amulet)
HPRegen  0.13/turn              (no ring)
MPRegen  0.10/turn              (no ring)

@: no status effects
A: negative energy resistance 1, electricity resistance, unbreathing,
petrification resistance, rot immunity, AC +4
a: Renounce Religion


You were on level 6 of the Dungeon.
You worshipped Makhleb.
Makhleb was noncommittal.
You were hungry.

You visited 1 branch of the dungeon, and saw 7 of its levels.

You collected 141 gold pieces.

Inventory:

Hand Weapons
 a - a +0 war axe (weapon)
Armour
 b - a +0 scale mail
 c - a +0 shield (worn)
 n - a +0 chain mail of cold resistance (worn)
Jewellery
 q - an uncursed ring of see invisible {unknown}
Wands
 p - a wand of enslavement (13)
Scrolls
 e - a scroll of fear {unknown}
 g - a scroll of enchant weapon {unknown}
 h - 3 scrolls of remove curse {unknown}
 i - 2 scrolls of identify {unknown}
 j - 2 scrolls of immolation {unknown}
 l - a scroll of noise {unknown}
Potions
 d - a potion of cancellation {unknown}
 k - a potion of heal wounds {unknown}
 o - a potion of agility {unknown}
Comestibles
 f - 3 rations


   Skills:
 + Level 4.4 Fighting
 * Level 3.8 Axes
 + Level 4.3 Armour
 + Level 4.4 Shields


You had 5 spell levels left.
You didn't know any spells.
Your spell library was empty.

Dungeon Overview and Level Annotations

Branches:
Dungeon (7/15)
 Temple: D:4-7

Altars:
Ashenzari
Cheibriados
Makhleb
Uskayaw
Xom


Innate Abilities, Weirdness & Mutations

You are resistant to torment.
Your stone body is resilient. (AC +4)
You are immune to poison.
You resist negative energy. (rN+)
You are resistant to electric shocks. (rElec)
You can survive without breathing.
You are immune to petrification.
You are immune to rotting.


Message History

There is a stone staircase leading up here.
Okay, then.
You climb upwards.
There is a stone staircase leading down here.
f - 3 rations (gained 1)
Found 9 gold pieces and a ration.
An orc warrior comes into view. It is wielding a halberd.
The orc warrior shouts!
An orc comes into view. It is wielding a trident.
The orc shouts!
An orc wizard comes into view. It is wielding a dagger.
An orc priest comes into view. It is wielding a whip.
The orc priest shouts!
Found a wand of enslavement (11).
A howler monkey zombie comes into view.
The orc warrior hits you with a halberd!!
Found a hide-covered altar of Uskayaw.
The orc hits you but does no damage.
The orc warrior hits you with a halberd!
You die...

##### # #..o####..
#..o.o...[
##############.o####...
#..............@#(.#...
#.#############.#(.#._.
#.# #.#..#/.. #.#
#.####... #.# #.....Z..
#.# #######.. #.# . #.#
#.#


You could see an orc warrior, 2 dancing weapons, an orc priest, an orc wizard,
an orc and a howler monkey zombie.

Vanquished Creatures
  A bullfrog (D:6)
  A howler monkey (D:6)
  A crimson imp (D:6)
  2 worker ants (D:5)
  Natasha (twice) (D:3)
  A worm (D:4)
  3 orcs (D:4)
  2 giant cockroaches
  2 goblins
  3 hobgoblins
  7 jackals
  A quokka (D:4)
  A bat (D:1)
  A frilled lizard (D:2)
  2 kobolds
  2 quokka skeletons
  A rat (D:2)
33 creatures vanquished.

Notes
Turn   | Place    | Note
-------+----------+-------------------------------------------
     0 | D:1      | iamserjio the Gargoyle Fighter began the quest for the Orb.
     0 | D:1      | Reached XP level 1. HP: 14/14 MP: 1/1
   141 | D:2      | Reached XP level 2. HP: 17/19 MP: 2/2
   177 | D:4      | Found a snail-covered altar of Cheibriados.
   183 | D:4      | Found a shimmering altar of Xom.
   186 | D:4      | Found a burning altar of Makhleb.
   197 | D:4      | Became a worshipper of Makhleb the Destroyer
   354 | D:3      | Noticed Natasha
   359 | D:3      | Killed Natasha
   359 | D:3      | Reached XP level 3. HP: 22/24 MP: 3/3
   367 | D:3      | Noticed Natasha
   370 | D:3      | Killed Natasha
   370 | D:3      | Reached XP level 4. HP: 26/29 MP: 4/4
   404 | D:3      | You fall through a shaft!
   405 | D:4      | Found a shattered altar of Ashenzari.
   576 | D:5      | Entered Level 5 of the Dungeon
   797 | D:5      | Reached XP level 5. HP: 28/33 MP: 5/5
   923 | D:6      | Reached XP level 6. HP: 18/39 MP: 6/6
  1018 | D:7      | Noticed a water moccasin
  1039 | D:6      | Noticed a dagger
  1040 | D:6      | Noticed a hand axe
  1040 | D:6      | Noticed an orc warrior
  1043 | D:6      | Found a hide-covered altar of Uskayaw.
  1044 | D:6      | Slain by an orc warrior

Vault maps used:
D:1:      erik_arrival_cave_to_civilisation, st_stairs_8
D:2:      uniq_robin, uniq_sigmund
D:3:      first_ration, minivault_24, uniq_natasha
D:4:      grunt_temple_overflow_open, nicolae_overflow_crystal_walls,
          temple_hall, serial_bayou_ford_a, kennysheep_dice
D:5:      serial_shops, shop
D:6:      dancing_weapons_uskayaw, skrybe_limestone_x
D:7:      lemuel_round_altar, uniq_prince_ribbit1, uniq_duvessa, uniq_joseph

Skill      XL: |  1  2  3  4 |
---------------+-------------+-----
Axes           | 2 3 |  3.8
Fighting       | 4 |  4.4
Armour         | 4 |  4.3
Shields        | 4 |  4.4

Action                   |  1- 3 |  4- 6 || total
-------------------------+-------+-------++-------
Melee: War axe           |    48 |    72 ||   120
  Use: Potion            |     1 |       ||     1
Armor: Scale mail        |    24 |    29 ||    53
       Chain mail        |       |    27 ||    27
       Skin              |       |     1 ||     1
Dodge: Dodged            |    20 |    33 ||    53
Block: Shield            |    19 |    37 ||    56

Table legend:
 A = Spawn XP
 B = Non-spawn XP
 C = Spawn XP percentage of total XP
 D = Spawn monster count
 E = Non-spawn monster count
 F = Spawn count percentage of total count
 G = Total turns spent on level
                    A         B        C        D         E        F      G
               +---------+---------+-------+---------+---------+-------+---------
         Total |       0 |     385 |   0.0 |       0 |      33 |   0.0 |  1044
               +---------+---------+-------+---------+---------+-------+---------
           D:1 |       0 |       9 |   0.0 |       0 |       5 |   0.0 |   132
           D:2 |       0 |       7 |   0.0 |       0 |       5 |   0.0 |    60
           D:3 |       0 |      68 |   0.0 |       0 |       3 |   0.0 |   208
           D:4 |       0 |      23 |   0.0 |       0 |       9 |   0.0 |   259
           D:5 |       0 |      80 |   0.0 |       0 |       7 |   0.0 |   236
           D:6 |       0 |     198 |   0.0 |       0 |       4 |   0.0 |   147
               +---------+---------+-------+---------+---------+-------+---------
